2896 views
Uploaded 2021-03-10 06:48:29
Game version 1.32.9
11:27 long 4on4 custom game on (8)TwilightRuins_LV
Game name "w3c-20-lVDXqCOxx"
Saved by VIRUS
2896 views
Uploaded 2021-03-10 06:48:29
Game version 1.32.9
11:27 long 4on4 custom game on (8)TwilightRuins_LV
Game name "w3c-20-lVDXqCOxx"


91 units @ 12.2k
/ 1.6k
45 buildings @ 7.3k
/ 2.7k

| Lesser Clarity Potion | 2 | 140 |
| Staff of Preservation | 1 | 150 |
| Potion of Healing | 1 | 150 |
| Scroll of Town Portal | 1 | 350 |
| total: | 5 | 790g |
| Wisp | 24 | 1440 | / | 0 |
| Archer | 5 | 650 | / | 50 |
| Mountain Giant | 2 | 700 | / | 200 |
| total: | 31 | 2790g | / | 250w |
| Altar of Elders | 1 | 180 | / | 50 |
| Moon Well | 4 | 720 | / | 160 |
| Ancient of War | 2 | 300 | / | 120 |
| Ancient of Wonders | 1 | 90 | / | 30 |
| Tree of Life | 2 | 680 | / | 370 |
| Hunter's Hall | 1 | 210 | / | 100 |
| Ancient of Lore | 2 | 310 | / | 290 |
| Tree of Ages | 1 | 320 | / | 180 |
| total: | 13 | 2490g | / | 1120w |
| 0:01 | Wisp |
| 0:04 | Altar of Elders |
| 0:10 | Wisp |
| 0:17 | Moon Well |
| 0:24 | Wisp |
| 0:30 | Ancient of War |
| 0:33 | Wisp |
| 0:42 | Wisp |
| 0:48 | Wisp |
| 0:57 | Wisp |
| 1:02 | Wisp |
| 1:25 | Wisp |
| 1:31 | Archer |
| 1:37 | Moon Well |
| 1:51 | Ancient of Wonders |
| 1:52 | Archer |
| 2:06 | Force of Nature |
| 2:28 | Wisp |
| 2:28 | Wisp |
| 2:28 | Archer |
| 2:49 | Archer |
| 2:51 | Wisp |
| 2:51 | Wisp |
| 3:09 | Wisp |
| 3:17 | Archer |
| 3:38 | Tree of Life |
| 3:42 | Entangling Roots |
| 3:46 | Wisp |
| 4:06 | Tree of Ages |
| 4:19 | Lesser Clarity Potion |
| 4:31 | Ancient of War |
| 4:45 | Moon Well |
| 5:08 | Hunter's Hall |
| 5:18 | Entangling Roots |
| 5:23 | Moon Well |
| 5:58 | Wisp |
| 5:58 | Wisp |
| 6:17 | Wisp |
| 6:24 | Tree of Life |
| 6:32 | Ancient of Lore |
| 6:34 | Ancient of Lore |
| 6:55 | Improved Bows |
| 7:03 | Wisp |
| 7:03 | Wisp |
| 7:47 | Mountain Giant |
| 8:07 | Mountain Giant |
| 8:27 | Wisp |
| 8:27 | Wisp |
| 8:27 | Wisp |
| 8:29 | Lesser Clarity Potion |
| 8:33 | Wisp |
| 9:05 | Scroll of Town Portal |
| 9:20 | Staff of Preservation |
| 9:33 | Potion of Healing |
| Right click | 500 |
| Select | 249 |
| Select group | 232 |
| Build/train/purchase | 48 |
| Assign group | 36 |
| Misc. action | 33 |
| Use ability | 23 |
| Minimap ping | 16 |
| Chat | 9 |
| Remove unit | 1 |


| Scroll of Regeneration | 2 | 200 |
| Lesser Clarity Potion | 2 | 140 |
| Potion of Healing | 2 | 300 |
| Potion of Mana | 1 | 200 |
| Scroll of Town Portal | 1 | 350 |
| total: | 8 | 1190g |
| Peasant | 13 | 975 | / | 0 |
| Rifleman | 7 | 1435 | / | 210 |
| Knight | 4 | 980 | / | 240 |
| Mur'gul Snarecaster | 1 | 215 | / | 20 |
| total: | 25 | 3605g | / | 470w |
| Scout Tower | 1 | 30 | / | 20 |
| Arcane Tower | 1 | 70 | / | 50 |
| Blacksmith | 1 | 140 | / | 60 |
| Farm | 5 | 400 | / | 100 |
| Barracks | 1 | 160 | / | 60 |
| Altar of Kings | 1 | 180 | / | 50 |
| Town Hall | 1 | 385 | / | 205 |
| Arcane Vault | 1 | 130 | / | 30 |
| Lumber Mill | 1 | 120 | / | 0 |
| Workshop | 1 | 140 | / | 140 |
| Keep | 1 | 320 | / | 210 |
| Castle | 1 | 360 | / | 210 |
| total: | 13 | 1685g | / | 665w |
| 0:06 | Peasant |
| 0:07 | Peasant |
| 0:23 | Blacksmith |
| 0:24 | Farm |
| 0:25 | Barracks |
| 0:34 | Peasant |
| 0:46 | Peasant |
| 0:55 | Peasant |
| 1:09 | Altar of Kings |
| 1:12 | Peasant |
| 1:23 | Farm |
| 1:28 | Peasant |
| 1:50 | Peasant |
| 2:03 | Rifleman |
| 2:15 | Farm |
| 2:26 | Rifleman |
| 2:41 | Farm |
| 3:03 | Rifleman |
| 3:05 | Peasant |
| 3:11 | Holy Light |
| 3:34 | Rifleman |
| 3:50 | Peasant |
| 3:50 | Peasant |
| 4:20 | Devotion Aura |
| 4:41 | Town Hall |
| 4:53 | Arcane Vault |
| 5:00 | Keep |
| 5:14 | Scroll of Regeneration |
| 5:21 | Lesser Clarity Potion |
| 5:38 | Scout Tower |
| 6:31 | Peasant |
| 6:31 | Peasant |
| 6:34 | Arcane Tower |
| 6:37 | Black Gunpowder |
| 6:38 | Rifleman |
| 6:38 | Rifleman |
| 6:59 | Farm |
| 7:45 | Holy Light |
| 7:59 | Castle |
| 8:04 | Potion of Healing |
| 8:04 | Scroll of Regeneration |
| 8:06 | Potion of Mana |
| 8:06 | Lesser Clarity Potion |
| 8:10 | Scroll of Town Portal |
| 8:12 | Rifleman |
| 8:20 | Potion of Healing |
| 8:33 | Workshop |
| 8:38 | Lumber Mill |
| 8:58 | Storm Bolt |
| 9:12 | Mur'gul Snarecaster |
| 9:45 | Long Rifles |
| 10:55 | Knight |
| 10:55 | Knight |
| 10:55 | Knight |
| 10:55 | Knight |
| 11:08 | Bash |
| Right click | 719 |
| Select group | 250 |
| Select | 175 |
| Build/train/purchase | 60 |
| Use ability | 24 |
| Assign group | 15 |
| Minimap ping | 7 |
| Chat | 4 |
| Item give/drop | 1 |



| Rod of Necromancy | 2 | 300 |
| Ritual Dagger | 1 | 125 |
| Orb of Corruption | 1 | 375 |
| Potion of Healing | 1 | 150 |
| Scroll of Town Portal | 1 | 350 |
| total: | 6 | 1300g |
| Acolyte | 2 | 150 | / | 0 |
| Ghoul | 2 | 240 | / | 0 |
| Crypt Fiend | 5 | 1075 | / | 200 |
| Obsidian Statue | 1 | 200 | / | 35 |
| Abomination | 1 | 240 | / | 70 |
| total: | 11 | 1905g | / | 305w |
| Nerubian Tower | 1 | 100 | / | 20 |
| Crypt | 1 | 200 | / | 50 |
| Altar of Darkness | 1 | 180 | / | 50 |
| Ziggurat | 5 | 750 | / | 250 |
| Tomb of Relics | 1 | 130 | / | 30 |
| Graveyard | 1 | 215 | / | 0 |
| Slaughterhouse | 1 | 140 | / | 135 |
| Halls of the Dead | 1 | 320 | / | 210 |
| Black Citadel | 1 | 325 | / | 230 |
| total: | 10 | 1615g | / | 515w |
| 0:02 | Acolyte |
| 0:02 | Acolyte |
| 0:13 | Crypt |
| 0:16 | Altar of Darkness |
| 0:34 | Ziggurat |
| 0:51 | Tomb of Relics |
| 1:17 | Ghoul |
| 1:26 | Graveyard |
| 1:39 | Ghoul |
| 1:51 | Ziggurat |
| 2:01 | Nerubian Tower |
| 2:26 | Rod of Necromancy |
| 2:28 | Death Coil |
| 2:49 | Crypt Fiend |
| 3:17 | Halls of the Dead |
| 3:32 | Crypt Fiend |
| 3:54 | Crypt Fiend |
| 4:13 | Ziggurat |
| 4:35 | Crypt Fiend |
| 5:03 | Unholy Aura |
| 5:11 | Crypt Fiend |
| 5:58 | Black Citadel |
| 6:09 | Slaughterhouse |
| 6:23 | Rod of Necromancy |
| 6:36 | Ritual Dagger |
| 6:54 | Web |
| 7:01 | Frost Nova |
| 7:16 | Death Coil |
| 7:21 | Obsidian Statue |
| 7:42 | Ziggurat |
| 7:45 | Creature Carapace |
| 8:27 | Frost Armor |
| 8:37 | Orb of Corruption |
| 8:47 | Destroyer Form |
| 9:16 | Disease Cloud |
| 9:32 | Ziggurat |
| 9:41 | Impale |
| 10:30 | Scroll of Town Portal |
| 10:31 | Potion of Healing |
| 10:44 | Abomination |
| Right click | 379 |
| Select group | 150 |
| Select | 138 |
| Build/train/purchase | 44 |
| Misc. action | 36 |
| Assign group | 27 |
| Use ability | 11 |
| Item give/drop | 5 |
| Esc | 1 |

| Acolyte | 4 | 300 | / | 0 |
| Ghoul | 4 | 480 | / | 0 |
| Crypt Fiend | 7 | 1505 | / | 280 |
| Gargoyle | 9 | 1575 | / | 270 |
| total: | 24 | 3860g | / | 550w |
| Crypt | 1 | 200 | / | 50 |
| Altar of Darkness | 1 | 180 | / | 50 |
| Ziggurat | 5 | 750 | / | 250 |
| Graveyard | 1 | 215 | / | 0 |
| Tomb of Relics | 1 | 130 | / | 30 |
| Halls of the Dead | 1 | 320 | / | 210 |
| total: | 9 | 1475g | / | 380w |
| 0:06 | Acolyte |
| 0:10 | Crypt |
| 0:13 | Altar of Darkness |
| 0:25 | Ziggurat |
| 0:34 | Acolyte |
| 1:04 | Ziggurat |
| 1:12 | Ghoul |
| 1:37 | Graveyard |
| 1:40 | Ghoul |
| 1:40 | Ghoul |
| 1:58 | Ghoul |
| 2:13 | Ziggurat |
| 2:17 | Death Coil |
| 2:59 | Crypt Fiend |
| 3:07 | Crypt Fiend |
| 3:59 | Unholy Aura |
| 4:03 | Crypt Fiend |
| 4:22 | Tomb of Relics |
| 4:28 | Ziggurat |
| 4:33 | Ziggurat |
| 4:40 | Crypt Fiend |
| 5:03 | Halls of the Dead |
| 5:25 | Crypt Fiend |
| 5:38 | Creature Attack |
| 6:31 | Crypt Fiend |
| 6:36 | Creature Carapace |
| 6:56 | Crypt Fiend |
| 7:27 | Gargoyle |
| 7:27 | Gargoyle |
| 7:48 | Web |
| 8:21 | Acolyte |
| 8:22 | Acolyte |
| 8:24 | Gargoyle |
| 8:29 | Improved Creature Attack |
| 8:48 | Unholy Aura |
| 9:23 | Gargoyle |
| 9:48 | Gargoyle |
| 9:48 | Gargoyle |
| 10:59 | Gargoyle |
| 10:59 | Gargoyle |
| 10:59 | Gargoyle |
| Right click | 195 |
| Select | 81 |
| Select group | 50 |
| Build/train/purchase | 35 |
| Assign group | 12 |
| Use ability | 10 |
120 units @ 15.6k
/ 1.6k
60 buildings @ 9k
/ 3.7k


| Scroll of Regeneration | 2 | 200 |
| Lesser Clarity Potion | 3 | 210 |
| Scroll of Town Portal | 1 | 350 |
| total: | 6 | 760g |
| Peasant | 17 | 1275 | / | 0 |
| Footman | 8 | 1080 | / | 0 |
| Sorceress | 1 | 155 | / | 20 |
| Priest | 2 | 270 | / | 20 |
| Knight | 2 | 490 | / | 120 |
| total: | 30 | 3270g | / | 160w |
| Scout Tower | 3 | 90 | / | 60 |
| Arcane Tower | 2 | 140 | / | 100 |
| Altar of Kings | 1 | 180 | / | 50 |
| Farm | 8 | 640 | / | 160 |
| Barracks | 2 | 320 | / | 120 |
| Town Hall | 1 | 385 | / | 205 |
| Arcane Vault | 1 | 130 | / | 30 |
| Lumber Mill | 1 | 120 | / | 0 |
| Blacksmith | 1 | 140 | / | 60 |
| Arcane Sanctum | 2 | 300 | / | 280 |
| Keep | 1 | 320 | / | 210 |
| Castle | 1 | 360 | / | 210 |
| total: | 20 | 2305g | / | 965w |
| 0:02 | Peasant |
| 0:05 | Altar of Kings |
| 0:14 | Peasant |
| 0:19 | Farm |
| 0:22 | Barracks |
| 0:27 | Peasant |
| 0:47 | Peasant |
| 1:02 | Peasant |
| 1:03 | Farm |
| 1:14 | Peasant |
| 1:23 | Footman |
| 1:31 | Farm |
| 1:36 | Footman |
| 1:44 | Peasant |
| 1:53 | Peasant |
| 2:04 | Summon Water Elemental |
| 2:07 | Footman |
| 2:18 | Peasant |
| 2:27 | Peasant |
| 2:29 | Footman |
| 2:39 | Peasant |
| 2:57 | Farm |
| 3:02 | Brilliance Aura |
| 3:30 | Town Hall |
| 3:37 | Scout Tower |
| 3:44 | Peasant |
| 3:45 | Footman |
| 3:55 | Arcane Vault |
| 4:12 | Defend |
| 4:23 | Peasant |
| 4:31 | Summon Water Elemental |
| 4:40 | Arcane Tower |
| 4:42 | Peasant |
| 4:46 | Peasant |
| 4:59 | Peasant |
| 5:02 | Peasant |
| 5:03 | Scroll of Regeneration |
| 5:05 | Lesser Clarity Potion |
| 5:21 | Keep |
| 5:22 | Footman |
| 5:40 | Lumber Mill |
| 6:24 | Scout Tower |
| 6:36 | Footman |
| 6:37 | Scroll of Regeneration |
| 6:39 | Lesser Clarity Potion |
| 6:44 | Scout Tower |
| 7:35 | Arcane Tower |
| 7:46 | Footman |
| 7:50 | Arcane Sanctum |
| 7:50 | Arcane Sanctum |
| 7:53 | Blacksmith |
| 8:12 | Lesser Clarity Potion |
| 8:13 | Scroll of Town Portal |
| 8:25 | Castle |
| 8:32 | Farm |
| 8:32 | Farm |
| 9:03 | Storm Bolt |
| 9:22 | Sorceress |
| 9:22 | Priest |
| 9:24 | Farm |
| 9:24 | Farm |
| 9:44 | Barracks |
| 9:46 | Iron Plating |
| 9:46 | Iron Forged Swords |
| 10:27 | Priest |
| 10:52 | Sundering Blades |
| 10:53 | Animal War Training |
| 11:15 | Priest Adept Training |
| 11:15 | Sorceress Adept Training |
| 11:16 | Knight |
| 11:16 | Knight |
| 11:17 | Brilliance Aura |
| Select group | 1059 |
| Right click | 972 |
| Select | 354 |
| Misc. action | 128 |
| Assign group | 112 |
| Build/train/purchase | 108 |
| Minimap ping | 16 |
| Use ability | 11 |
| Remove unit | 1 |


| Rod of Necromancy | 2 | 300 |
| Lesser Clarity Potion | 1 | 70 |
| Scroll of Town Portal | 1 | 350 |
| Scroll of Regeneration | 1 | 100 |
| total: | 5 | 820g |
| Acolyte | 7 | 525 | / | 0 |
| Ghoul | 7 | 840 | / | 0 |
| Crypt Fiend | 11 | 2365 | / | 440 |
| Obsidian Statue | 1 | 200 | / | 35 |
| Meat Wagon | 3 | 690 | / | 150 |
| total: | 29 | 4620g | / | 625w |
| Nerubian Tower | 1 | 100 | / | 20 |
| Crypt | 1 | 200 | / | 50 |
| Altar of Darkness | 1 | 180 | / | 50 |
| Ziggurat | 5 | 750 | / | 250 |
| Graveyard | 1 | 215 | / | 0 |
| Tomb of Relics | 1 | 130 | / | 30 |
| Necropolis | 1 | 225 | / | 0 |
| Slaughterhouse | 1 | 140 | / | 135 |
| Sacrificial Pit | 1 | 75 | / | 150 |
| Halls of the Dead | 1 | 320 | / | 210 |
| Black Citadel | 1 | 325 | / | 230 |
| total: | 12 | 1915g | / | 665w |
| 0:04 | Acolyte |
| 0:04 | Acolyte |
| 0:15 | Crypt |
| 0:19 | Altar of Darkness |
| 0:34 | Ziggurat |
| 1:00 | Graveyard |
| 1:19 | Ghoul |
| 1:19 | Ghoul |
| 1:19 | Ghoul |
| 1:19 | Ghoul |
| 1:19 | Ghoul |
| 1:23 | Tomb of Relics |
| 1:36 | Ghoul |
| 2:00 | Ziggurat |
| 2:06 | Ghoul |
| 2:25 | Death Coil |
| 2:30 | Rod of Necromancy |
| 2:52 | Crypt Fiend |
| 2:52 | Crypt Fiend |
| 2:52 | Crypt Fiend |
| 2:52 | Crypt Fiend |
| 2:52 | Crypt Fiend |
| 3:05 | Crypt Fiend |
| 3:34 | Acolyte |
| 3:49 | Crypt Fiend |
| 4:02 | Halls of the Dead |
| 4:22 | Unholy Aura |
| 4:26 | Necropolis |
| 5:26 | Crypt Fiend |
| 5:40 | Crypt Fiend |
| 6:00 | Ziggurat |
| 6:05 | Acolyte |
| 6:06 | Ziggurat |
| 6:12 | Ziggurat |
| 6:22 | Rod of Necromancy |
| 6:49 | Death Coil |
| 7:50 | Crypt Fiend |
| 8:08 | Scroll of Town Portal |
| 8:08 | Scroll of Regeneration |
| 8:11 | Lesser Clarity Potion |
| 8:20 | Slaughterhouse |
| 8:25 | Frost Nova |
| 8:27 | Acolyte |
| 8:29 | Nerubian Tower |
| 8:31 | Acolyte |
| 9:14 | Crypt Fiend |
| 9:18 | Black Citadel |
| 9:35 | Web |
| 9:36 | Obsidian Statue |
| 9:38 | Meat Wagon |
| 9:57 | Meat Wagon |
| 10:02 | Acolyte |
| 10:37 | Sacrificial Pit |
| 10:45 | Creature Attack |
| 10:46 | Creature Carapace |
| 11:08 | Unholy Aura |
| 11:26 | Meat Wagon |
| Right click | 466 |
| Select | 183 |
| Select group | 138 |
| Build/train/purchase | 58 |
| Assign group | 24 |
| Use ability | 23 |
| Misc. action | 1 |
| Item give/drop | 1 |

| Moonstone | 1 | 50 |
| Staff of Preservation | 1 | 150 |
| Orb of Venom | 2 | 650 |
| total: | 4 | 850g |
| Wisp | 17 | 1020 | / | 0 |
| Archer | 2 | 260 | / | 20 |
| Mountain Giant | 4 | 1400 | / | 400 |
| total: | 23 | 2680g | / | 420w |
| Altar of Elders | 1 | 180 | / | 50 |
| Moon Well | 5 | 900 | / | 200 |
| Ancient of War | 1 | 150 | / | 60 |
| Ancient of Wonders | 1 | 90 | / | 30 |
| Hunter's Hall | 1 | 210 | / | 100 |
| Tree of Life | 1 | 340 | / | 185 |
| Ancient of Lore | 3 | 465 | / | 435 |
| Tree of Ages | 2 | 640 | / | 360 |
| Tree of Eternity | 1 | 330 | / | 200 |
| total: | 13 | 2335g | / | 1060w |
| 0:03 | Wisp |
| 0:11 | Altar of Elders |
| 0:19 | Moon Well |
| 0:22 | Wisp |
| 0:41 | Wisp |
| 0:41 | Wisp |
| 0:51 | Ancient of War |
| 1:02 | Wisp |
| 1:14 | Wisp |
| 1:14 | Wisp |
| 1:23 | Wisp |
| 1:31 | Wisp |
| 1:33 | Wisp |
| 1:33 | Wisp |
| 1:42 | Moon Well |
| 1:53 | Archer |
| 2:07 | Archer |
| 2:22 | Wisp |
| 2:48 | Breath of Fire |
| 2:52 | Ancient of Wonders |
| 3:24 | Wisp |
| 3:24 | Tree of Ages |
| 3:26 | Tree of Ages |
| 3:42 | Hunter's Hall |
| 3:45 | Moon Well |
| 4:57 | Moon Well |
| 5:02 | Drunken Haze |
| 5:31 | Moon Well |
| 5:48 | Ancient of Lore |
| 5:52 | Ancient of Lore |
| 5:54 | Ancient of Lore |
| 6:12 | Tree of Eternity |
| 6:32 | Reinforced Hides |
| 7:02 | Mountain Giant |
| 7:08 | Mountain Giant |
| 7:56 | Mountain Giant |
| 8:04 | Breath of Fire |
| 8:26 | Tree of Life |
| 8:38 | Wisp |
| 8:59 | Improved Reinforced Hides |
| 9:10 | Moonstone |
| 9:13 | Staff of Preservation |
| 9:21 | Orb of Venom |
| 9:21 | Orb of Venom |
| 9:41 | Resistant Skin |
| 9:43 | Hardened Skin |
| 10:28 | Mountain Giant |
| 10:30 | Wisp |
| 10:31 | Wisp |
| 10:31 | Wisp |
| 11:07 | Drunken Haze |
| Select group | 1301 |
| Right click | 590 |
| Assign group | 157 |
| Select | 146 |
| Build/train/purchase | 53 |
| Use ability | 13 |
| Item give/drop | 2 |
| Remove unit | 1 |

| Rod of Necromancy | 1 | 150 |
| Sacrificial Skull | 1 | 50 |
| Potion of Mana | 1 | 200 |
| Scroll of Regeneration | 1 | 100 |
| total: | 4 | 500g |
| Acolyte | 8 | 600 | / | 0 |
| Ghoul | 23 | 2760 | / | 0 |
| Crypt Fiend | 6 | 1290 | / | 240 |
| Frost Wyrm | 1 | 385 | / | 120 |
| total: | 38 | 5035g | / | 360w |
| Nerubian Tower | 6 | 600 | / | 120 |
| Spirit Tower | 4 | 580 | / | 160 |
| Crypt | 2 | 400 | / | 100 |
| Altar of Darkness | 1 | 180 | / | 50 |
| Ziggurat | 6 | 900 | / | 300 |
| Tomb of Relics | 1 | 130 | / | 30 |
| Necropolis | 1 | 225 | / | 0 |
| Graveyard | 1 | 215 | / | 0 |
| Sacrificial Pit | 1 | 75 | / | 150 |
| Boneyard | 2 | 350 | / | 400 |
| Halls of the Dead | 1 | 320 | / | 210 |
| Black Citadel | 3 | 975 | / | 690 |
| total: | 15 | 2475g | / | 1030w |
| 0:01 | Acolyte |
| 0:08 | Crypt |
| 0:12 | Altar of Darkness |
| 0:25 | Ziggurat |
| 0:34 | Acolyte |
| 1:00 | Tomb of Relics |
| 1:11 | Ghoul |
| 1:11 | Ghoul |
| 1:11 | Ghoul |
| 1:11 | Ghoul |
| 1:11 | Ghoul |
| 1:11 | Ghoul |
| 1:11 | Ghoul |
| 1:11 | Ghoul |
| 1:11 | Ghoul |
| 1:11 | Ghoul |
| 1:16 | Ghoul |
| 1:28 | Ghoul |
| 1:28 | Ghoul |
| 1:33 | Ziggurat |
| 1:47 | Ghoul |
| 1:47 | Ghoul |
| 1:47 | Ghoul |
| 1:52 | Nerubian Tower |
| 2:05 | Ghoul |
| 2:13 | Impale |
| 2:15 | Rod of Necromancy |
| 2:16 | Sacrificial Skull |
| 2:25 | Acolyte |
| 2:26 | Ghoul |
| 2:26 | Ghoul |
| 2:26 | Ghoul |
| 2:39 | Ghoul |
| 2:54 | Ghoul |
| 3:23 | Carrion Beetles |
| 3:27 | Ghoul |
| 3:37 | Ziggurat |
| 4:01 | Necropolis |
| 4:10 | Acolyte |
| 4:10 | Acolyte |
| 4:10 | Acolyte |
| 4:42 | Carrion Beetles |
| 5:02 | Halls of the Dead |
| 5:05 | Nerubian Tower |
| 5:08 | Graveyard |
| 5:35 | Acolyte |
| 5:35 | Acolyte |
| 5:40 | Crypt |
| 5:55 | Ziggurat |
| 5:56 | Ziggurat |
| 5:57 | Ziggurat |
| 6:34 | Creature Attack |
| 6:47 | Crypt Fiend |
| 6:52 | Spirit Tower |
| 6:54 | Spirit Tower |
| 7:22 | Crypt Fiend |
| 7:46 | Crypt Fiend |
| 7:47 | Black Citadel |
| 7:57 | Crypt Fiend |
| 7:58 | Impale |
| 8:08 | Improved Creature Attack |
| 8:08 | Advanced Creature Attack |
| 8:10 | Scroll of Regeneration |
| 8:19 | Potion of Mana |
| 8:25 | Crypt Fiend |
| 8:26 | Crypt Fiend |
| 8:43 | Sacrificial Pit |
| 8:45 | Creature Carapace |
| 8:45 | Improved Creature Carapace |
| 9:02 | Burrow |
| 9:02 | Web |
| 10:09 | Boneyard |
| 10:10 | Boneyard |
| 11:26 | Frost Wyrm |
| Select group | 1151 |
| Right click | 357 |
| Select | 357 |
| Misc. action | 172 |
| Build/train/purchase | 130 |
| Assign group | 53 |
| Use ability | 15 |
| Chat | 14 |
| Minimap ping | 6 |
| Item give/drop | 2 |
| Esc | 1 |
⇛